 Dungeon Crawl Stone Soup version 0.21-a0-84-g85d6d27 (webtiles) character file.

1633 qqqbard the Slasher (level 8, 0/43 HPs)
             Began as a Vine Stalker Fighter on June 28, 2017.
             Was an Initiate of Makhleb.
             Slain by a two-headed ogre
             ... wielding a +0 giant club
              (9 damage)
             ... on level 5 of the Dungeon.
             The game lasted 00:06:47 (4460 turns).

qqqbard the Slasher (Vine Stalker Fighter)          Turns: 4460, Time: 00:06:48

Health: 0/43       AC: 11    Str: 21    XL:     8   Next: 98%
Magic:  0/9        EV:  9    Int:  8    God:    Makhleb [......]
Gold:   229        SH: 10    Dex: 14    Spells: 7/7 levels left

rFire    . . .     SeeInvis .   a - +0 long sword
rCold    . . .     Gourm    .   c - +0 shield
rNeg     . . .     Faith    .   k - +0 scale mail
rPois    .         Spirit   +   q - +0 helmet
rElec    .         Reflect  .   t - +0 cloak
rCorr    .         Harm     .   s - +0 pair of gloves
MR       +....                  F - +0 pair of boots
Stlth    ..........             h - amulet of regeneration
HPRegen  0.94/turn              (no ring)
MPRegen  0.11/turn              (no ring)

@: no status effects
A: fangs 3, regeneration 1, magic shield, antimagic bite, no potion heal 3, rot
immunity
a: Renounce Religion


You were on level 5 of the Dungeon.
You worshipped Makhleb.
Makhleb was noncommittal.
You were not hungry.

You visited 2 branches of the dungeon, and saw 6 of its levels.

You collected 229 gold pieces.

Inventory:

Hand Weapons
 a - a +0 long sword (weapon)
 b - a +1 dagger of venom
Armour
 c - a +0 shield (worn)
 k - a +0 scale mail (worn)
 q - a +0 helmet (worn)
 s - a +0 pair of gloves (worn)
 t - a +0 cloak (worn)
 F - a +0 pair of boots (worn)
Jewellery
 h - an amulet of regeneration (around neck)
 E - an uncursed amulet of the gourmand
Wands
 w - a wand of flame (16/48)
 z - a wand of confusion (24/48)
Scrolls
 e - 2 scrolls of identify
 j - 3 scrolls of teleportation {unknown}
 l - a scroll of immolation {unknown}
 u - 3 scrolls of fog {unknown}
 v - 2 scrolls of amnesia {unknown}
 x - a scroll of magic mapping {unknown}
 A - a scroll of recharging {unknown}
 B - 2 scrolls of fear {unknown}
 J - a scroll of brand weapon {unknown}
 K - a scroll of enchant armour {unknown}
Potions
 d - 3 potions of might
 g - 4 potions of heal wounds {unknown}
 i - 3 potions of curing {unknown}
 m - a potion of mutation {unknown}
 n - 2 potions of brilliance {unknown}
 C - a potion of invisibility {unknown}
 D - a potion of lignification {unknown}
 G - a potion of ambrosia {unknown}
 H - 2 potions of berserk rage {unknown}
Books
 y - a book of Misfortune

   Spells                             Type                      Level
   a - Confusing Touch                Hexes                        1
   b - Confuse                        Hexes                        3
   c - Gell's Gravitas                Translocation                3
   d - Petrify                        Transmutation/Earth          4
   e - Metabolic Englaciation         Hexes/Ice                    5
   f - Yara's Violent Unravelling     Hexes/Transmutation          5
Comestibles
 f - a bread ration
 o - 5 fruits
 p - 5 meat rations
 r - 2 royal jellies
 I - 12 chunks of flesh


   Skills:
 + Level 5.3 Fighting
 * Level 6.2 Long Blades
 + Level 4.0 Armour
 + Level 3.6 Dodging
 + Level 4.4 Shields


You had 7 spell levels left.
You didn't know any spells.

Dungeon Overview and Level Annotations

Branches:
Dungeon (5/15)             Temple (1/1) D:5

Altars:
Ashenzari
Dithmenos
Elyvilon
Gozag
Hepliaklqana
Kikubaaqudgha
Makhleb
Ru
Sif Muna
Wu Jian
Xom
Zin

Shops:
D:4 (

Annotations:
D:4 Grinder


Innate Abilities, Weirdness & Mutations

You have razor-sharp teeth.
Your natural rate of healing is unusually fast.
When hurt, damage is shared between your health and your magic reserves.
Your bite disrupts and absorbs the magic of your enemies.
Potions cannot restore your health.
You are immune to rotting.


Message History

You are too injured to fight recklessly!
You are too injured to fight recklessly!
You are too injured to fight recklessly!
You are too injured to fight recklessly!
You are too injured to fight recklessly!
You are too injured to fight recklessly!
You are too injured to fight recklessly!
You are too injured to fight recklessly!
You are too injured to fight recklessly!
You are too injured to fight recklessly!
You are too injured to fight recklessly!
Some of the chunks of flesh in your inventory have rotted away.
There is a stone staircase leading down here.
You hit the two-headed ogre.
The two-headed ogre is lightly wounded.
The two-headed ogre hits you with a giant club! x2
* * * LOW HITPOINT WARNING * * *
You open the door.
The two-headed ogre hits you with a giant club!
You die...

#...#..................###.##...
#.....#................##...#...
#.....+................##.P.#...
#.....#................##...#...
#.....#................###.###'#
#.....################...#.#....
#...............# ## ##.##.##.##
#...............#.#...###...###.
#........>....O@'...P....._.....
#.....###+#######.#...###...###.
#.....##[......##.##### ##.#####
#..................... #.#..#.
#..................... ##.##.#.
#..................... #...#.#.
#.....###########.$... #.P.#.'.
#.....# .... #...#.#. #.....#
... ##.##.#.


You could see a two-headed ogre.

Vanquished Creatures
  The ghost of daryashkoh the Slasher, an amateur DsMo (D:3)
  Sigmund (D:4)
  Duvessa (D:4)
  2 sky beasts (D:5)
  An ogre (D:4)
  A centaur (D:5)
  Dowan (D:4)
  A hound (D:4)
  2 orc priests
  A bullfrog skeleton (D:5)
  6 orc wizards
  Jessica (D:3)
  Ijyb (D:3)
  Natasha (thrice) (D:3)
  An iguana (D:4)
  5 worker ants (D:5)
  Terence (D:3)
  3 gnolls (D:4)
  8 adders
  A shadow imp (D:5)
  An ooze (D:2)
  An adder skeleton (D:4)
  A worm (D:3)
  2 dart slugs (D:1)
  A leopard gecko (D:1)
  18 orcs
  6 bats (D:1)
  3 giant cockroaches
  5 goblins
  8 hobgoblins
  5 jackals
  A quokka (D:5)
  3 ball pythons
  2 ball python skeletons (D:4)
  3 frilled lizards (D:4)
  5 kobolds
  6 rats
113 creatures vanquished.

Notes
Turn   | Place    | Note
-------+----------+-------------------------------------------
     0 | D:1      | qqqbard the Vine Stalker Fighter began the quest for the Orb.
     0 | D:1      | Reached XP level 1. HP: 11/11 MP: 2/2
   131 | D:1      | Reached skill level 2 in Long Blades
   163 | D:1      | Reached XP level 2. HP: 13/16 MP: 3/3
   603 | D:1      | Reached skill level 1 in Dodging
   606 | D:1      | Reached XP level 3. HP: 19/19 MP: 4/4
  1385 | D:2      | Found an ornate altar of the Wu Jian Council.
  1704 | D:2      | Reached skill level 3 in Long Blades
  1704 | D:2      | Gained mutation: Your natural rate of healing is unusually fast. [Vine Stalker growth]
  1704 | D:2      | Reached XP level 4. HP: 18/24 MP: 3/5
  2069 | D:3      | Noticed daryashkoh's ghost (amateur DsMo)
  2138 | D:3      | Killed daryashkoh's ghost
  2138 | D:3      | Reached skill level 4 in Long Blades
  2138 | D:3      | Reached XP level 5. HP: 20/29 MP: 6/6
  2138 | D:3      | Reached XP level 6. HP: 22/33 MP: 7/7
  2300 | D:3      | Noticed Natasha
  2301 | D:3      | Noticed Terence
  2305 | D:3      | Killed Natasha
  2316 | D:3      | Killed Terence
  2321 | D:3      | Noticed Natasha
  2330 | D:3      | Killed Natasha
  2429 | D:3      | Noticed Ijyb
  2480 | D:3      | Noticed Jessica
  2488 | D:3      | Killed Jessica
  2507 | D:3      | Killed Ijyb
  2507 | D:3      | Reached XP level 7. HP: 37/37 MP: 8/8
  2827 | D:3      | Noticed Natasha
  2856 | D:3      | Killed Natasha
  2951 | D:4      | Found Damostr Mafa's Antique Weapon Emporium.
  2999 | D:4      | Found a shattered altar of Ashenzari.
  3029 | D:4      | Noticed Sigmund
  3048 | D:4      | Killed Sigmund
  3048 | D:4      | Reached skill level 5 in Long Blades
  3320 | D:4      | Noticed Grinder
  3324 | D:4      | Noticed Dowan
  3326 | D:4      | Noticed Duvessa
  3374 | D:4      | Killed Duvessa
  3374 | D:4      | Gained mutation: You have razor-sharp teeth. [Vine Stalker growth]
  3374 | D:4      | Reached XP level 8. HP: 25/42 MP: 9/9
  3379 | D:4      | Killed Dowan
  3697 | D:5      | Entered Level 5 of the Dungeon
  3753 | D:5      | Reached skill level 5 in Fighting
  3795 | D:5      | Found a staircase to the Ecumenical Temple.
  3815 | D:5      | Reached skill level 6 in Long Blades
  3851 | Temple   | Entered the Ecumenical Temple
  4111 | Temple   | Became a worshipper of Makhleb the Destroyer
  4214 | D:5      | Found a white marble altar of Elyvilon.
  4434 | D:5      | Noticed a two-headed ogre
  4453 | D:5      | HP: 2/43 [two-headed ogre/giant club (12)]
  4460 | D:5      | Slain by a two-headed ogre

Vault maps used:
D:1:      dpeg_arrival_radiant
D:2:      overflow_temple_1_default
D:3:      chequers_big_river, uniq_natasha, uniq_ijyb, uniq_jessica,
          uniq_terence
D:4:      serial_shops, nicolae_shop_waterfront, cheibrodos_ashenzari_chains,
          uniq_grinder, uniq_duvessa, uniq_sigmund
D:5:      elyvilon_altar_1, minmay_temple_entry_glass, first_bread
Temple:   compressed_dpeg_triangle_lava_temple

Skill      XL: |  1  2  3  4  5  6  7  8 |
---------------+-------------------------+-----
Long Blades    | 2 3 4 5 6 |  6.2
Dodging        | 1 2 3 |  3.6
Fighting       | 3 4 5 |  5.3
Shields        | 3 4 |  4.4
Armour         | 3 4 |  4.0

Action                   |  1- 3 |  4- 6 |  7- 9 || total
-------------------------+-------+-------+-------++-------
Melee: Long sword        |    71 |   107 |   264 ||   442
       Bite              |    19 |    39 |    90 ||   148
  Use: Scroll            |       |       |     2 ||     2
  Eat: Chunk             |     2 |     3 |     7 ||    12
Armor: Scale mail        |    22 |    42 |   100 ||   164
Dodge: Dodged            |    22 |    20 |    88 ||   130
Block: Shield            |    38 |    55 |   144 ||   237
       Rpst.: Long sword |     5 |     5 |    23 ||    33
